 Dungeon Crawl Stone Soup version 0.31.0-32-g396128a36d (webtiles) character file.

Game seed: 2032209140621522809

184 MollyMolluskus the Ducker (level 5, -15/55 HPs)
             Began as an Octopode Fighter on Apr 1, 2024.
             Was a Follower of Wu Jian.
             Demolished by an ogre
             ... wielding a +0 giant club
              (27 damage)
             ... on level 3 of the Dungeon.
             The game lasted 00:10:04 (2764 turns).

MollyMolluskus the Ducker (Octopode Fighter)        Turns: 2764, Time: 00:10:05

Health: -15/55     AC:  1    Str: 17    XL:     5   Next: 63%
Magic:  5/5        EV: 13    Int: 11    God:    Wu Jian [*.....]
Gold:   168        SH:  7    Dex: 11    Spells: 4/4 levels left

rFire   . .          .
                       - Unarmed
rCold   . . .        c - +3 warlock's mirror {omnireflect}
rNeg    . . .        (helmet restricted)
rPois   .            (no amulet)
rElec   .            (no ring)
rCorr   .            (no ring)
SInv    .            (no ring)
Will    .....        (no ring) Stlth
                     (no ring)
HPRegen 0.29/turn    (no ring)
MPRegen 0.09/turn    (no ring)
                     (no ring)

%: reflection
@: berserking, very quick
A: almost no armour, amphibious, 8 rings, camouflage 1, gelatinous body 1,
(nimble swimmer 1), tentacles
a: Renounce Religion


You were on level 3 of the Dungeon.
You worshipped Wu Jian.
Wu Jian was aware of your devotion.
You visited 1 branch of the dungeon, and saw 3 of its levels.

You collected 168 gold pieces.

Inventory:

Missiles
 e - a stone (quivered)
Armour
 c - the +3 warlock's mirror (worn) {omnireflect}
   (You acquired it on level 2 of the Dungeon)

   Omnireflect: It can block and reflect piercing ranged attacks and magical
   attacks against the wielder's willpower.
Wands
 i - a wand of charming (9)
Scrolls
 d - 2 scrolls of poison
 h - a scroll of revelation
 r - 2 scrolls of identify
Potions
 a - a potion of heal wounds
 b - a potion of might
 f - a potion of mutation
 g - a potion of invisibility
 k - a potion of lignification


   Skills:
 + Level 3.7 Fighting
 + Level 3.7 Dodging
 + Level 2.7 Stealth
 + Level 3.5 Shields
 * Level 3.6 Unarmed Combat


You had 4 spell levels left.
You didn't know any spells.
Your spell library contained the following spells:

 Spells                   Type           Power      Damage    Failure   Level
 Kiss of Death            Conj/Necr      0%         2d5       41%         1
 Confusing Touch          Hex            0%         N/A       80%         3
 Dispel Undead            Necr           0%         3d6       99%         4


Dungeon Overview and Level Annotations

Branches:
Dungeon (3/15)

Altars:
Nemelex Xobeh
Wu Jian
Zin


Innate Abilities, Weirdness & Mutations

You cannot wear most types of armour.
You are amphibious.
You can wear up to eight rings at the same time.
Your skin changes colour to match your surroundings (Stealth+).
Your rubbery body absorbs attacks. (AC +1, EV +1)
((You are camouflaged when in or above water. (Stealth+)))
You have tentacles for arms and can constrict up to eight enemies at once.


Message History

The Council accepts your kill.
You tentacle-slap the goblin but do no damage.
Your grab misses the goblin. The goblin barely misses you.
A red film seems to cover your vision as you go berserk!
You feel yourself moving faster!
You feel mighty! The goblin hits you but does no damage.
You tentacle-slap the goblin.
You kill the goblin!
The Council accepts your kill.
You closely miss the goblin. Your grab misses the goblin.
You bludgeon the goblin!
You kill the goblin!
The Council accepts your kill.
You bludgeon the goblin!
You kill the goblin!
The Council accepts your kill.
You lunge at the ogre.
You bludgeon the ogre! Your squeeze misses the ogre.
The ogre is heavily wounded.
The ogre hits you with a +0 giant club. You block the goblin's attack.
There is an open door, spattered with blood here.
Items here: ))))) ††††.
You barely miss the ogre. Your squeeze misses the ogre.
The ogre is heavily wounded.
The goblin barely misses you. You block the goblin's attack.
You tentacle-slap the ogre.
The ogre is severely wounded.
The ogre hits you with a +0 giant club!!
Ouch! That really hurt!
* * * LOW HITPOINT WARNING * * *
You bludgeon the ogre! Your squeeze misses the ogre.
The ogre is almost dead.
The goblin hits you with a +0 club.
* * * LOW HITPOINT WARNING * * *
The goblin barely misses you.
You barely miss the ogre. Your squeeze misses the ogre.
The ogre is almost dead.
The goblin hits you with a +0 club.
* * * LOW HITPOINT WARNING * * *
The ogre hits you with a +0 giant club!!
You die...

############# #.......#...##
## #.###)..#.g.#.## #####
.######.##....#gOg##.###...#
#.......###...##@# #.......#
.######## ##.#.#.###.###...###
.# #.##..##.#........#
.###########.###....#.###.##.#
....................#.###.##.#
PP.._..PPPP..####...#.##..##.#
...................##.##.###.#
##)######.......#####..#[###.#
#...####.........####........#


You could see an ogre and 3 goblins.

Vanquished Creatures
  Ijyb (D:3)
  Robin (D:3)
  4 gnolls (D:3)
  3 adders
  2 dart slugs
  4 orcs (D:3)
  5 endoplasms
  A giant cockroach (D:3)
  19 goblins
  8 hobgoblins
  3 quokkas (D:1)
  3 ball pythons
  4 bats
  5 frilled lizards
  7 kobolds
  5 rats
75 creatures vanquished.

Notes
Turn   | Place    | Note
-------+----------+-------------------------------------------
     0 | D:1      | MollyMolluskus the Octopode Fighter began the quest for the
                  | Orb.
     0 | D:1      | Reached XP level 1. HP: 16/16 MP: 1/1
   218 | D:1      | Reached XP level 2. HP: 21/21 MP: 2/2
   366 | D:1      | Reached skill level 1 in Stealth
   653 | D:1      | Reached XP level 3. HP: 21/26 MP: 3/3
   909 | D:2      | Found a glowing silver altar of Zin.
   912 | D:2      | Identified a scroll of acquirement
   912 | D:2      | Acquired the +3 warlock's mirror {omnireflect}
   912 | D:2      | Found the +3 warlock's mirror {omnireflect}
  1326 | D:3      | Reached XP level 4. HP: 13/31 MP: 4/4
  1427 | D:3      | Found an ornate altar of the Wu Jian Council.
  1432 | D:3      | Became a worshipper of the Wu Jian Council
  1607 | D:3      | Noticed Ijyb
  1652 | D:3      | Your ally Ijyb died
  1818 | D:3      | Reached XP level 5. HP: 35/36 MP: 5/5
  2296 | D:3      | Found a sparkling altar of Nemelex Xobeh.
  2347 | D:3      | Noticed Robin
  2353 | D:3      | Reached * piety under Wu Jian
  2363 | D:3      | Killed Robin
  2749 | D:3      | Noticed an ogre
  2764 | D:3      | Demolished by an ogre

Illustrated notes

Levels and vault maps discovered:
D:1:      lightli_arrival_flooded_house, layout_basic
D:2:      layout_rooms, basic_altar
D:3:      kennysheep_the_goblin_king, layout_loops_corners,
          nemelex_dance_club_becter, mainiacjoe_overflow_boulevard,
          minmay_ogre_servants, uniq_robin

Skill      XL: |  1  2  3  4 |
---------------+-------------+-----
Stealth        | 1 2 |  2.7
Unarmed Combat | 3 |  3.6
Fighting       | |  3.7
Dodging        | |  3.7
Shields        | |  3.5

Action                     |  1- 3 |  4- 6 || total
---------------------------+-------+-------++-------
  Melee: Unarmed           |    64 |    88 ||   152
         Constrict         |    18 |    22 ||    40
         Tentacles         |    18 |    14 ||    32
         Punch             |     2 |       ||     2
  Throw: Stone             |     1 |    14 ||    15
Ability: Lunge             |       |    15 ||    15
    Use: Scroll            |     7 |     5 ||    12
         Potion            |       |     1 ||     1
   Stab: Sleeping          |    10 |     5 ||    15
         Distracted        |       |     1 ||     1
 Armour: Skin              |    19 |    23 ||    42
  Dodge: Dodged            |    19 |    21 ||    40
  Block: Buckler           |    14 |    22 ||    36
         Reflection        |       |     3 ||     3
